 Dungeon Crawl Stone Soup version 0.16.1-18-g436b03c (webtiles) character file.

53461 drasked the Severer (level 14, -4/130 HPs)
             Began as a Gargoyle Berserker on Apr 28, 2015.
             Was the Champion of Trog.
             Slain by an orc warrior
             ... wielding a +0 glaive
              (6 damage)
             ... on level 4 of the Orcish Mines.
             The game lasted 00:24:16 (23021 turns).

drasked the Severer (Gargoyle Berserker)           Turns: 23021, Time: 00:24:17

Health: -4/130     AC: 30    Str: 31    XL:     14   Next: 68%
Magic:  0/14       EV:  8    Int:  8    God:    Trog [******]
Gold:   0          SH:  0    Dex: 13    Spells: 0 memorised, 13 levels left

rFire  + . .     SeeInvis +     F - +6 battleaxe (elec)
rCold  . . .     Clarity  .     o - +0 plate armour
rNeg   + . .     SustAb   .     (no shield)
rPois  ∞         Gourm    .     g - +2 hat {SInv}
rElec  +         Spirit   +     h - +0 cloak
rCorr  .         Warding  .     l - +2 pair of gloves
rMut   .         Stasis   .     G - +0 pair of boots
MR     +....                    C - amulet of guardian spirit
Stlth  ..........               x - +4 ring of dexterity
                                m - ring of protection from fire

@: berserking (expiring), flying, very quick, somewhat resistant to hostile
enchantments, extremely unstealthy
A: able to fly continuously, big wings, negative energy resistance 1,
regeneration 1, electricity resistance, unbreathing, petrification resistance,
rot immunity, AC +9
a: Stop Flying, Burn Spellbooks, Berserk, Trog's Hand, Brothers in Arms,
Renounce Religion


You were on level 4 of the Orcish Mines.
You worshipped Trog.
Trog was exalted by your worship.
You were hungry.

You visited 3 branches of the dungeon, and saw 22 of its levels.


Innate Abilities, Weirdness & Mutations

You are resistant to torment.
You are immune to poison.
You can fly continuously.
Your stone body is very resilient (AC +9).
Your wings are large and strong.
You resist negative energy.
You are resistant to electric shocks.
You can survive without breathing.
You are immune to petrification.
You are immune to rotting.
Your natural rate of healing is unusually fast.


   Skills:
 - Level 9.9 Fighting
 + Level 19.7 Axes
 - Level 6.6 Armour
 - Level 1.5 Dodging


You had 13 spell levels left.
You didn't know any spells.

Inventory:

Hand weapons
 F - a +6 battleaxe of electrocution (weapon)
Missiles
 k - 8 tomahawks (quivered)
Armour
 g - a +2 hat of see invisible (worn)
 h - a +0 cloak (worn)
 l - a +2 pair of gloves (worn)
 o - a +0 plate armour (worn)
 B - a +1 helmet
 G - a +0 pair of boots (worn)
Jewellery
 a - an uncursed amulet of warding
 m - a ring of protection from fire (left hand)
 v - an uncursed ring of see invisible
 x - a +4 ring of dexterity (right hand)
 A - a +3 ring of strength
 C - an amulet of guardian spirit (around neck)
Scrolls
 b - 2 scrolls of recharging
 f - 7 scrolls of identify
 i - 4 scrolls of remove curse
 s - 5 scrolls of teleportation
Potions
 c - 3 potions of heal wounds
 d - 9 potions of restore abilities
 j - 5 potions of resistance
 n - 4 potions of haste
 p - a potion of cancellation
 t - 11 potions of curing
 u - a potion of cure mutation
 E - 2 potions of might
Comestibles
 e - 14 fruits
 q - 6 meat rations
 r - 13 bread rations
 w - a royal jelly
 z - 3 slices of pizza
 D - 2 chunks of flesh

Dungeon Overview and Level Annotations

Branches:
Dungeon (11/15)            Temple (0/1) D:5            Lair (8/8) D:8
 Shoals (0/5) Lair:4       Spider (0/5) Lair:3        Slime (0/6) Lair:8
    Orc (4/4) D:11
    Elf: Orc:3-4

Altars:
Ashenzari
Xom
The Shining One
Beogh

Shops:
D:7 }   Orc:1 *   Orc:4 :(*

Portals:
Trove: D:11 (give wand of heal wounds (8))
Bailey: D:9


Message History

You slice the orc knight!!
There is a sudden explosion of sparks!
You kill the orc knight!
Trog accepts your kill.
You barely miss the orc warrior. You slash the orc knight!
There is a sudden explosion of sparks!
The orc knight is almost dead.
The orc shoots a bolt.
The bolt barely misses you.
The bolt closely misses the orc warrior.
The bolt hits the orc warrior but does no damage.
The orc knight barely misses you.
An orc comes into view. It is wielding a hand axe.
The orc shouts!
You slice the orc knight!!
There is a sudden explosion of sparks!
You kill the orc knight!
Trog accepts your kill.
You slice the orc warrior!!
The orc warrior is almost dead.
The orc warrior barely misses you.
The orc warrior hits you from afar with a glaive!
You die...

##..# ~.........
~~.........
~~~........ ##\
~~~~......#
#...####~~~~.....#.
o..\ooo))...........
o.o\oooo@)))o.......
##.oo####~~~~)....#
# ###~~~~).....#.
##~~~~.()........
#~~~...()...(.#.
#~~....((....##
###...##.(##..##.
...................
........(.........


You could see 9 orc warriors and 4 orcs.

Vanquished Creatures
  Gastronok (Lair:1)
  A vault guard (D:11)
  A fire dragon (Lair:8)
  Erica (Lair:7)
  4 hydras
  A death yak (Lair:6)
  A fire crab (Lair:7)
  Pikel (D:6)
  4 orc knights (Orc:4)
  A griffon (Lair:3)
  A manticore (D:11)
  2 wolf spiders (Lair:8)
  A hornet (Lair:8)
  A guardian serpent (Lair:8)
  6 black mambas
  7 elephants
  The ghost of Thomus the Chopper, an experienced HOFi (D:5)
  24 spiny frogs
  An eye of devastation (Lair:8)
  2 molten gargoyles (Lair:7)
  4 fire drakes
  12 komodo dragons
  2 trolls
  An efreet (D:10)
  A freezing wraith (Lair:3)
  A merfolk (Lair:4)
  3 polar bears (Lair:3)
  2 two-headed ogres (D:8)
  Prince Ribbit (D:5)
  9 blink frogs
  A boulder beetle (Lair:8)
  5 basilisks (Lair:8)
  25 yaks
  A redback (Lair:8)
  Eustachio (D:5)
  8 wyverns
  Grum (Orc:2)
  6 hippogriffs
  2 mottled dragons (Lair:8)
  2 wargs
  5 wolves
  2 steam dragons (Lair:8)
  16 water moccasins
  8 porcupines
  15 orc warriors
  A sky beast (D:8)
  A slave (D:6)
  3 phantoms
  2 wasps
  13 spiders
  A black bear (D:7)
  9 ice beasts
  3 ogres
  A necrophage (D:10)
  A boring beetle (Lair:8)
  13 crocodiles
  8 centaurs
  2 big kobolds
  16 giant frogs
  10 killer bees
  5 scorpions
  A crimson imp (D:8)
  A quasit (D:8)
  A centaur skeleton (D:4)
  4 giant frog skeletons
  Crazy Yiuf (D:6)
  12 orc priests
  2 jellies
  2 hell rats (Lair:1)
  5 lava snakes (Lair:7)
  11 worker ants
  17 orc wizards
  10 iguanas
  11 hounds
  41 sheep
  A killer bee zombie (D:9)
  Ijyb (D:5)
  2 hound skeletons
  3 gnolls (D:5)
  29 adders
  53 river rats
  A shadow imp (D:5)
  A worker ant zombie (D:10)
  4 white imps (Lair:3)
  3 worms
  2 adder skeletons
  4 giant geckos
  An ooze (D:3)
  92 orcs
  3 ball pythons (D:3)
  A bat skeleton (D:5)
  A bat zombie (D:6)
  19 hobgoblins
  22 kobolds
  9 quokkas
  A ball python zombie (D:6)
  21 bats
  8 giant cockroaches
  A giant cockroach zombie (D:5)
  6 giant newts
  A giant spore (D:8)
  15 goblins
  15 jackals
  An orc zombie (D:5)
  A quokka skeleton (D:9)
  A quokka zombie (D:5)
  16 rats
  4 ballistomycetes (D:8)
  9 fungi
  14 plants
770 creatures vanquished.

Vanquished Creatures (collateral kills)
  3 hydras
  A death yak (Lair:6)
  2 sirens (Lair:4)
  A komodo dragon (Lair:1)
  A merfolk (Lair:4)
  2 blink frogs (Lair:1)
  A yak (Lair:6)
  2 ice beasts (Lair:3)
  5 sheep (Lair:8)
  An adder (Lair:8)
19 creatures vanquished.

Vanquished Creatures (others)
  A two-headed ogre (Lair:7)
  A swamp drake (Lair:8)
  A slave (D:6)
  2 ogres
  A crimson imp (D:6)
  An orc (D:8)
  2 kobolds
  14 fungi
  4 plants (Lair:8)
27 creatures vanquished.

Grand Total: 816 creatures vanquished

Notes
Turn   | Place    | Note
--------------------------------------------------------------
     0 | D:1      | drasked, the Gargoyle Berserker, began the quest for the Orb.
     0 | D:1      | Reached XP level 1. HP: 14/14 MP: 1/1
     0 | D:1      | 0 ||| counter = 15
    90 | D:1      | Reached skill level 3 in Axes
   147 | D:1      | 147 ||| INVOKING Berserk.
   151 | D:1      | Reached XP level 2. HP: 13/19 MP: 2/2
   605 | D:1      | Reached XP level 3. HP: 23/23 MP: 3/3
   810 | D:1      | Acquired Trog's second power
  1057 | D:1      | Reached skill level 4 in Axes
  1058 | D:1      | 1058 ||| UPGRADING to ring mail.
  1068 | D:1      | 1068 ||| DROPPING +0 animal skin.
  1069 | D:1      | 1069 ||| READING scroll labeled CAYDWU GUPHYID.
  1070 | D:1      | 1070 ||| READING scroll labeled RANEPPO NUCVI.
  1100 | D:2      | 1100 ||| STAIRDANCE
  1146 | D:2      | 1146 ||| INVOKING Berserk.
  1201 | D:2      | 1201 ||| EATING bread ration.
  1326 | D:2      | Reached XP level 4. HP: 26/28 MP: 4/4
  1487 | D:2      | 1487 ||| INVOKING Berserk.
  2146 | D:2      | 2146 ||| UPGRADING to embroidered robe.
  2156 | D:2      | 2156 ||| UPGRADING to +0 ring mail.
  2166 | D:2      | 2166 ||| DROPPING +0 robe of cold resistance.
  2167 | D:2      | 2167 ||| READING 2 scrolls labeled XUDAJI NIUTOUT.
  2184 | D:2      | 2184 ||| READING scroll labeled QOG NORGHIOROTO.
  2185 | D:2      | 2185 ||| READING scroll labeled TRALEUZUJU.
  2186 | D:2      | 2186 ||| READING scroll labeled PSEFUP UXZU.
  2187 | D:2      | 2187 ||| READING scroll labeled ATURIDOSAI.
  2188 | D:2      | 2188 ||| READING scroll labeled KAOSHEOJUE.
  2189 | D:2      | 2189 ||| DRINKING 3 glowing cyan potions.
  2190 | D:2      | 2190 ||| DRINKING 2 bubbling yellow potions.
  2393 | D:3      | 2393 ||| INVOKING Berserk.
  2397 | D:3      | Reached skill level 5 in Axes
  2397 | D:3      | Reached XP level 5. HP: 32/32 MP: 5/5
  2408 | D:3      | 2408 ||| EATING bread ration.
  2713 | D:3      | Found a shattered altar of Ashenzari.
  2806 | D:3      | 2806 ||| INVOKING Berserk.
  2849 | D:3      | 2849 ||| UPGRADING to war axe.
  2850 | D:3      | 2850 ||| DROPPING +1 hand axe.
  2855 | D:3      | 2855 ||| INVOKING Berserk.
  2857 | D:3      | Reached skill level 6 in Axes
  2857 | D:3      | Reached XP level 6. HP: 37/37 MP: 6/6
  3244 | D:3      | 3244 ||| UPGRADING to scale mail.
  3254 | D:3      | 3254 ||| DROPPING +0 ring mail.
  3255 | D:3      | 3255 ||| DRINKING 2 metallic yellow potions.
  3295 | D:3      | 3295 ||| EATING meat ration.
  3322 | D:4      | 3322 ||| INVOKING Burn Spellbooks.
  3549 | D:4      | 3549 ||| INVOKING Berserk.
  3573 | D:4      | 3573 ||| READING scroll of teleportation.
  3606 | D:4      | Acquired Trog's third power
  3766 | D:4      | 3766 ||| INVOKING Berserk.
  3773 | D:4      | Reached XP level 7. HP: 42/42 MP: 7/7
  3936 | D:4      | Reached skill level 7 in Axes
  3970 | D:4      | 3970 ||| READING scroll of enchant weapon.
  3970 | D:4      | 3970 ||| ENCHANTING +0 war axe.
  3990 | D:4      | Found a shimmering altar of Xom.
  4257 | D:4      | 4257 ||| UPGRADING to pair of gloves.
  4262 | D:4      | 4262 ||| READING 2 scrolls labeled SHOENU FIOSE.
  4263 | D:4      | 4263 ||| READING 2 scrolls labeled FRASMA MEELIUB.
  4264 | D:4      | 4264 ||| READING scroll labeled LOYPSO TRUETA.
  4265 | D:4      | 4265 ||| DRINKING 2 bubbling cyan potions.
  4266 | D:4      | 4266 ||| DRINKING 3 brown potions.
  4267 | D:4      | 4267 ||| READING scroll of identify.
  4267 | D:4      | 4267 ||| IDENTIFYING dented zirconium amulet
  4268 | D:4      | 4268 ||| UPGRADING to amulet of warding.
  4281 | D:5      | Entered Level 5 of the Dungeon
  4379 | D:5      | Noticed Thomus' ghost (experienced HOFi)
  4380 | D:5      | 4380 ||| INVOKING Berserk.
  4395 | D:5      | Killed Thomus' ghost
  4395 | D:5      | Reached skill level 8 in Axes
  4395 | D:5      | Reached XP level 8. HP: 38/49 MP: 8/8
  4398 | D:5      | 4398 ||| EATING slice of pizza.
  4647 | D:5      | Noticed Eustachio
  4667 | D:5      | Killed Eustachio
  4667 | D:5      | Reached skill level 9 in Axes
  4695 | D:5      | Found a staircase to the Ecumenical Temple.
  4781 | D:5      | 4781 ||| INVOKING Berserk.
  4837 | D:5      | 4837 ||| READING scroll of enchant armour.
  4837 | D:5      | 4837 ||| ENCHANTING +0 pair of gloves.
  4907 | D:5      | 4907 ||| EATING beef jerky.
  4937 | D:5      | Noticed Ijyb
  4939 | D:5      | 4939 ||| INVOKING Berserk.
  4946 | D:5      | Killed Ijyb
  5028 | D:5      | Noticed Prince Ribbit
  5032 | D:5      | 5032 ||| INVOKING Berserk.
  5051 | D:5      | Killed Prince Ribbit
  5201 | D:5      | 5201 ||| EATING meat ration.
  5315 | D:5      | Reached skill level 10 in Axes
  5356 | D:5      | Reached XP level 9. HP: 50/54 MP: 9/9
  5412 | D:5      | Found a glowing golden altar of the Shining One.
  5442 | D:5      | 5442 ||| READING scroll of enchant weapon.
  5442 | D:5      | 5442 ||| ENCHANTING +1 war axe.
  5921 | D:5      | 5921 ||| READING 2 scrolls labeled YTE DUGISTO.
  5922 | D:5      | 5922 ||| READING scroll labeled ZESAYN YLIVEON.
  5923 | D:5      | 5923 ||| DRINKING 2 bubbling orange potions.
  5924 | D:5      | 5924 ||| READING 2 scrolls of identify.
  5924 | D:5      | 5924 ||| IDENTIFYING onyx ring
  5925 | D:5      | 5925 ||| DROPPING ring of stealth.
  6035 | D:6      | Noticed Pikel
  6038 | D:6      | 6038 ||| INVOKING Berserk.
  6043 | D:6      | Killed Pikel
  6137 | D:6      | 6137 ||| INVOKING Berserk.
  6151 | D:6      | Reached skill level 11 in Axes
  6393 | D:6      | 6393 ||| INVOKING Berserk.
  6421 | D:6      | 6421 ||| EATING slice of pizza.
  6515 | D:6      | Noticed Crazy Yiuf
  6519 | D:6      | 6519 ||| INVOKING Berserk.
  6523 | D:6      | Killed Crazy Yiuf
  6562 | D:6      | 6562 ||| EATING royal jelly.
  6878 | D:6      | Received a gift from Trog
  6879 | D:6      | 6879 ||| UPGRADING to cloak.
  6884 | D:6      | 6884 ||| UPGRADING to chain mail.
  6894 | D:6      | 6894 ||| DROPPING +0 scale mail.
  6895 | D:6      | 6895 ||| DRINKING 2 purple potions.
  6896 | D:6      | 6896 ||| DRINKING 2 smoky orange potions.
  6897 | D:6      | 6897 ||| DRINKING 2 lumpy purple potions.
  6898 | D:6      | 6898 ||| READING scroll of identify.
  6898 | D:6      | 6898 ||| IDENTIFYING encrusted pearl ring
  6899 | D:6      | 6899 ||| UPGRADING to ring of see invisible.
  7046 | D:7      | 7046 ||| INVOKING Burn Spellbooks.
  7089 | D:7      | 7089 ||| INVOKING Burn Spellbooks.
  7149 | D:7      | Reached skill level 3 in Armour
  7262 | D:7      | Found Vuminif's Gadget Boutique.
  7549 | D:8      | 7549 ||| STAIRDANCE
  7605 | D:8      | Reached skill level 6 in Fighting
  7664 | D:8      | 7664 ||| EATING 2 meat rations.
  7690 | D:8      | Reached XP level 10. HP: 58/60 MP: 10/10
  7859 | D:8      | Reached skill level 12 in Axes
  8315 | D:8      | 8315 ||| INVOKING Berserk.
  8414 | D:8      | 8414 ||| INVOKING Burn Spellbooks.
  8573 | D:8      | Noticed a fire drake
  8578 | D:8      | 8578 ||| INVOKING Berserk.
  8584 | D:8      | Killed a fire drake
  8635 | D:8      | Found a staircase to the Lair.
  8931 | D:8      | 8931 ||| DRINKING 3 white potions.
  8932 | D:8      | 8932 ||| READING 3 scrolls of identify.
  8932 | D:8      | 8932 ||| IDENTIFYING tubular tourmaline ring
  8933 | D:8      | 8933 ||| UPGRADING to +4 ring of dexterity.
  8934 | D:8      | 8934 ||| READING 2 scrolls of identify.
  8934 | D:8      | 8934 ||| IDENTIFYING green potion
  8954 | Lair:1   | Entered Level 1 of the Lair of Beasts
  8954 | Lair:1   | Noticed Gastronok
  8955 | Lair:1   | 8955 ||| Entered L.
  8958 | Lair:1   | Received a gift from Trog
  8962 | Lair:1   | 8962 ||| INVOKING Berserk.
  8969 | Lair:1   | Killed Gastronok
  8969 | Lair:1   | Reached skill level 13 in Axes
  8995 | Lair:1   | 8995 ||| EATING 24 fruits.
  9022 | Lair:1   | 9022 ||| UPGRADING to glowing broad axe {god gift}.
  9023 | Lair:1   | 9023 ||| DROPPING +2 war axe.
  9060 | Lair:1   | 9060 ||| UPGRADING to battleaxe.
  9061 | Lair:1   | 9061 ||| DROPPING +1 broad axe of electrocution.
  9248 | Lair:1   | Reached XP level 11. HP: 49/67 MP: 11/11
  9358 | Lair:1   | 9358 ||| INVOKING Berserk.
  9411 | Lair:1   | 9411 ||| EATING 23 fruits.
  9615 | Lair:1   | 9615 ||| INVOKING Berserk.
  9628 | Lair:1   | 9628 ||| READING 2 scrolls of teleportation.
  9633 | Lair:1   | 9633 ||| READING scroll of teleportation.
  9685 | Lair:1   | 9685 ||| INVOKING Brothers in Arms.
  9757 | Lair:1   | 9757 ||| EATING 22 fruits.
  9894 | Lair:1   | 9894 ||| INVOKING Burn Spellbooks.
 10093 | Lair:1   | 10093 ||| INVOKING Berserk.
 10099 | Lair:1   | 10099 ||| EATING 21 fruits.
 10186 | Lair:1   | 10186 ||| UPGRADING to glowing hat.
 10191 | Lair:1   | 10191 ||| REMOVING ring of see invisible.
 10192 | Lair:1   | 10192 ||| UPGRADING to plate armour.
 10202 | Lair:1   | 10202 ||| DROPPING +0 chain mail.
 10203 | Lair:1   | 10203 ||| DRINKING 2 emerald potions.
 10315 | Lair:2   | 10315 ||| STAIRDANCE
 10324 | Lair:2   | 10324 ||| STAIRDANCE
 10332 | Lair:1   | Reached skill level 14 in Axes
 10335 | Lair:2   | 10335 ||| STAIRDANCE
 10346 | Lair:2   | 10346 ||| STAIRDANCE
 10410 | Lair:2   | Received a gift from Trog
 10414 | Lair:2   | Got an ichor-stained executioner's axe {god gift}
 10415 | Lair:2   | 10415 ||| UPGRADING to ichor-stained executioner's axe {god gift}.
 10415 | Lair:2   | Identified the +6 executioner's axe of Clogak {freeze, Int+5 Dex-2} (Trog gifted it to you on level 2 of the Lair of Beasts)
 10416 | Lair:2   | 10416 ||| DROPPING +0 battleaxe.
 10532 | Lair:2   | 10532 ||| INVOKING Berserk.
 10577 | Lair:2   | 10577 ||| EATING 20 fruits.
 10608 | Lair:2   | 10608 ||| INVOKING Berserk.
 10616 | Lair:2   | 10616 ||| EATING 19 fruits.
 10691 | Lair:2   | 10691 ||| INVOKING Berserk.
 10758 | Lair:2   | 10758 ||| INVOKING Berserk.
 10770 | Lair:2   | 10770 ||| READING scroll of teleportation.
 11213 | Lair:2   | 11213 ||| EATING 18 fruits.
 11399 | Lair:2   | 11399 ||| INVOKING Berserk.
 11800 | Lair:2   | 11800 ||| EATING 17 fruits.
 11850 | Lair:2   | 11850 ||| READING scroll labeled TEIR OZEGRE.
 11921 | Lair:3   | 11921 ||| INVOKING Berserk.
 11934 | Lair:3   | Reached skill level 15 in Axes
 11937 | Lair:3   | 11937 ||| EATING 21 fruits.
 12045 | Lair:3   | 12045 ||| INVOKING Berserk.
 12128 | Lair:3   | 12128 ||| INVOKING Berserk.
 12133 | Lair:3   | Reached XP level 12. HP: 73/73 MP: 12/12
 12279 | Lair:3   | Noticed an ice statue
 12280 | Lair:3   | 12280 ||| INVOKING Brothers in Arms.
 12282 | Lair:3   | 12282 ||| Stepping ~*~*~tactically~*~*~ (cloud).
 12390 | Lair:3   | Found a hole to the Spider Nest.
 12505 | Lair:3   | 12505 ||| INVOKING Berserk.
 12901 | Lair:3   | Received a gift from Trog
 12910 | Lair:3   | Got a crystal executioner's axe {god gift}
 12911 | Lair:3   | 12911 ||| UPGRADING to crystal executioner's axe {god gift}.
 12911 | Lair:3   | Identified the +0 executioner's axe of Starshine {chop, MR+} (Trog gifted it to you on level 3 of the Lair of Beasts)
 12912 | Lair:3   | 12912 ||| UPGRADING to +6 executioner's axe of Clogak {freeze, Int+5 Dex-2}.
 12913 | Lair:3   | 12913 ||| DROPPING +0 executioner's axe of Starshine {chop, MR+}.
 12978 | Lair:3   | 12978 ||| READING 2 scrolls of identify.
 12978 | Lair:3   | 12978 ||| IDENTIFYING twisted garnet ring
 12979 | Lair:3   | 12979 ||| DROPPING cursed ring of loudness.
 13006 | Lair:4   | 13006 ||| STAIRDANCE
 13080 | Lair:4   | Reached skill level 16 in Axes
 13101 | Lair:4   | Found a staircase to the Shoals.
 13104 | Lair:4   | 13104 ||| Stepping ~*~*~tactically~*~*~ (water).
 13108 | Lair:4   | 13108 ||| Stepping ~*~*~tactically~*~*~ (water).
 13112 | Lair:4   | 13112 ||| INVOKING Brothers in Arms.
 13116 | Lair:4   | 13116 ||| Stepping ~*~*~tactically~*~*~ (water).
 13118 | Lair:4   | 13118 ||| Stepping ~*~*~tactically~*~*~ (water).
 13118 | Lair:4   | HP: 13/74 [siren/trident (7)]
 13119 | Lair:4   | 13119 ||| DRINKING 6 potions of heal wounds.
 13929 | Lair:4   | 13929 ||| UPGRADING to glowing helmet.
 13939 | Lair:4   | 13939 ||| UPGRADING to +0 hat of see invisible.
 13949 | Lair:4   | 13949 ||| UPGRADING to runed golden ring.
 13950 | Lair:4   | 13950 ||| READING 2 scrolls of remove curse.
 13951 | Lair:4   | 13951 ||| REMOVING -3 ring of protection.
 13952 | Lair:4   | 13952 ||| DROPPING -3 ring of protection.
 13953 | Lair:4   | 13953 ||| READING 2 scrolls labeled CLERUT CIZIFA.
 13954 | Lair:4   | 13954 ||| READING scroll labeled THAOD EF UTEUD.
 13954 | Lair:4   | Identified a scroll of acquirement
 13955 | Lair:4   | 13955 ||| READING 2 scrolls of identify.
 13955 | Lair:4   | 13955 ||| IDENTIFYING glowing puce potion
 14190 | Lair:5   | 14190 ||| INVOKING Burn Spellbooks.
 14216 | Lair:5   | 14216 ||| INVOKING Burn Spellbooks.
 14230 | Lair:5   | 14230 ||| INVOKING Berserk.
 14512 | Lair:5   | 14512 ||| READING scroll of enchant armour.
 14512 | Lair:5   | 14512 ||| ENCHANTING +1 pair of gloves.
 15042 | Lair:6   | Received a gift from Trog
 15386 | Lair:6   | Reached skill level 17 in Axes
 15386 | Lair:6   | Reached XP level 13. HP: 56/79 MP: 13/13
 15540 | Lair:6   | Noticed an eight-headed hydra
 15540 | Lair:6   | 15540 ||| INVOKING Brothers in Arms.
 15543 | Lair:6   | 15543 ||| INVOKING Berserk.
 15544 | Lair:6   | Killed a nine-headed hydra
 15709 | Lair:6   | 15709 ||| READING scroll of enchant armour.
 15709 | Lair:6   | 15709 ||| ENCHANTING +0 hat of see invisible.
 15715 | Lair:6   | 15715 ||| INVOKING Burn Spellbooks.
 15720 | Lair:6   | Noticed a six-headed hydra
 15721 | Lair:6   | 15721 ||| INVOKING Brothers in Arms.
 15724 | Lair:6   | 15724 ||| INVOKING Berserk.
 15725 | Lair:6   | Killed a seven-headed hydra
 15737 | Lair:6   | Reached skill level 6 in Armour
 15807 | Lair:6   | Noticed a death yak
 15807 | Lair:6   | 15807 ||| INVOKING Brothers in Arms.
 15811 | Lair:6   | 15811 ||| INVOKING Berserk.
 15812 | Lair:6   | Noticed a death yak
 15813 | Lair:6   | Killed a death yak
 15818 | Lair:6   | Killed a death yak
 16138 | Lair:6   | 16138 ||| UPGRADING to notched agate ring.
 16139 | Lair:6   | 16139 ||| REMOVING ring of wizardry.
 16140 | Lair:6   | 16140 ||| DROPPING ring of wizardry.
 16189 | Lair:7   | Found a labyrinth entrance.
 16189 | Lair:7   | Noticed Erica
 16190 | Lair:7   | 16190 ||| INVOKING Berserk.
 16197 | Lair:7   | Killed Erica
 16225 | Lair:7   | 16225 ||| EATING 25 fruits.
 16564 | Lair:7   | 16564 ||| INVOKING Brothers in Arms.
 16569 | Lair:7   | 16569 ||| INVOKING Brothers in Arms.
 16571 | Lair:7   | Reached skill level 9 in Fighting
 16604 | Lair:7   | 16604 ||| EATING 24 fruits.
 16776 | Lair:7   | 16776 ||| INVOKING Brothers in Arms.
 16779 | Lair:7   | 16779 ||| INVOKING Berserk.
 17068 | Lair:7   | 17068 ||| INVOKING Berserk.
 17074 | Lair:7   | 17074 ||| EATING 23 fruits.
 17190 | Lair:7   | 17190 ||| EATING 22 fruits.
 17295 | Lair:7   | 17295 ||| EATING 21 fruits.
 17335 | Lair:7   | 17335 ||| UPGRADING to cabochon ring.
 17336 | Lair:7   | 17336 ||| READING 3 scrolls of identify.
 17336 | Lair:7   | 17336 ||| IDENTIFYING glowing silvery potion
 17361 | Lair:8   | Entered Level 8 of the Lair of Beasts
 17414 | Lair:8   | Received a gift from Trog
 17440 | Lair:8   | 17440 ||| Stepping ~*~*~tactically~*~*~ (water).
 17465 | Lair:8   | 17465 ||| Stepping ~*~*~tactically~*~*~ (water).
 17467 | Lair:8   | Reached skill level 18 in Axes
 17594 | Lair:8   | 17594 ||| Stepping ~*~*~tactically~*~*~ (water).
 17599 | Lair:8   | 17599 ||| Stepping ~*~*~tactically~*~*~ (water).
 17602 | Lair:8   | HP: 4/80 [fire dragon/blast of flame (54)]
 17603 | Lair:8   | 17603 ||| DRINKING 5 potions of heal wounds.
 17604 | Lair:8   | 17604 ||| INVOKING Berserk.
 17616 | Lair:8   | 17616 ||| READING 3 scrolls of teleportation.
 17617 | Lair:8   | 17617 ||| Stepping ~*~*~tactically~*~*~ (water).
 17617 | Lair:8   | HP: 20/80 [burnt (9)]
 17618 | Lair:8   | 17618 ||| DRINKING 4 potions of heal wounds.
 17619 | Lair:8   | 17619 ||| READING 2 scrolls of teleportation.
 17623 | Lair:8   | 17623 ||| READING scroll of teleportation.
 17675 | Lair:8   | 17675 ||| EATING 20 fruits.
 17829 | Lair:8   | 17829 ||| Stepping ~*~*~tactically~*~*~ (cloud).
 17831 | Lair:8   | 17831 ||| Stepping ~*~*~tactically~*~*~ (water).
 17832 | Lair:8   | 17832 ||| EATING 19 fruits.
 17837 | Lair:8   | 17837 ||| Stepping ~*~*~tactically~*~*~ (water).
 17992 | Lair:8   | 17992 ||| INVOKING Brothers in Arms.
 17993 | Lair:8   | 17993 ||| INVOKING Brothers in Arms.
 17994 | Lair:8   | 17994 ||| INVOKING Brothers in Arms.
 17995 | Lair:8   | 17995 ||| INVOKING Brothers in Arms.
 17996 | Lair:8   | 17996 ||| INVOKING Brothers in Arms.
 17997 | Lair:8   | 17997 ||| INVOKING Brothers in Arms.
 17998 | Lair:8   | 17998 ||| INVOKING Brothers in Arms.
 17999 | Lair:8   | 17999 ||| INVOKING Berserk.
 18023 | Lair:8   | 18023 ||| INVOKING Brothers in Arms.
 18025 | Lair:8   | 18025 ||| INVOKING Brothers in Arms.
 18026 | Lair:8   | 18026 ||| INVOKING Brothers in Arms.
 18226 | Lair:8   | 18226 ||| INVOKING Berserk.
 18437 | Lair:8   | 18437 ||| INVOKING Burn Spellbooks.
 18546 | Lair:8   | Gained mutation: Your wings are large and strong. [gargoyle growth]
 18546 | Lair:8   | Reached XP level 14. HP: 85/87 MP: 14/14
 18561 | Lair:8   | 18561 ||| INVOKING Fly.
 18561 | Lair:8   | 18561 ||| FLYING.
 18876 | Lair:8   | Received a gift from Trog
 18946 | Lair:8   | Reached skill level 19 in Axes
 18947 | Lair:8   | 18947 ||| INVOKING Berserk.
 18962 | Lair:8   | 18962 ||| EATING 18 fruits.
 19083 | Lair:8   | 19083 ||| INVOKING Brothers in Arms.
 19108 | Lair:8   | 19108 ||| EATING 17 fruits.
 19360 | Lair:8   | Found a staircase to the Slime Pits.
 19609 | Lair:8   | 19609 ||| UPGRADING to glowing malachite amulet.
 19611 | Lair:8   | 19611 ||| UPGRADING to ivory ring.
 19613 | Lair:8   | 19613 ||| READING scroll labeled ZIATUHABRUH.
 19614 | Lair:8   | 19614 ||| READING 4 scrolls of identify.
 19614 | Lair:8   | 19614 ||| IDENTIFYING smoky yellow potion
 19615 | Lair:8   | 19615 ||| DRINKING potion of beneficial mutation.
 19615 | Lair:8   | Gained mutation: Your natural rate of healing is unusually fast. [potion of beneficial mutation]
 19961 | D:9      | 19961 ||| STAIRDANCE
 20177 | D:9      | Found a flagged portal.
 20477 | D:9      | 20477 ||| EATING 16 fruits.
 20656 | D:10     | Entered Level 10 of the Dungeon
 20661 | D:10     | 20661 ||| STAIRDANCE
 20697 | D:10     | 20697 ||| READING scroll of enchant armour.
 20697 | D:10     | 20697 ||| ENCHANTING +1 hat of see invisible.
 21046 | D:10     | 21046 ||| EATING 15 fruits.
 21287 | D:11     | 21287 ||| STAIRDANCE
 21300 | D:11     | 21300 ||| STAIRDANCE
 21315 | D:11     | Received a gift from Trog
 21319 | D:11     | 21319 ||| DRINKING 11 potions of curing.
 21319 | D:11     | 21319 ||| (to cure confusion)
 21594 | D:11     | Found a portal to a secret trove of treasure.
 21611 | D:11     | 21611 ||| INVOKING Burn Spellbooks.
 21672 | D:11     | Found a staircase to the Orcish Mines.
 21824 | D:11     | 21824 ||| UPGRADING to pair of boots.
 21829 | D:11     | 21829 ||| READING scroll labeled PSUILUGATA.
 21855 | D:11     | 21855 ||| READING 8 scrolls of identify.
 21855 | D:11     | 21855 ||| IDENTIFYING ruby potion
 21908 | Orc:1    | Entered Level 1 of the Orcish Mines
 21909 | Orc:1    | 21909 ||| Entered O.
 21974 | Orc:1    | Found Byquykai's Assorted Antiques.
 22074 | Orc:1    | Found a roughly hewn altar of Beogh.
 22439 | Orc:2    | Noticed Grum
 22459 | Orc:2    | Killed Grum
 22598 | Orc:2    | Received a gift from Trog
 22609 | Orc:2    | 22609 ||| UPGRADING to runed battleaxe {god gift}.
 22610 | Orc:2    | 22610 ||| DROPPING +6 executioner's axe of Clogak {freeze, Int+5 Dex-2}.
 22611 | Orc:2    | 22611 ||| READING scroll of enchant weapon.
 22611 | Orc:2    | 22611 ||| ENCHANTING +5 battleaxe of electrocution.
 22750 | Orc:4    | Entered Level 4 of the Orcish Mines
 22751 | Orc:4    | 22751 ||| Shafted from Orc:2 to Orc:4.
 22992 | Orc:4    | 22992 ||| INVOKING Berserk.
 22996 | Orc:4    | Found Xiotatee's Assorted Antiques.
 22997 | Orc:4    | HP: 25/130 [orc warrior/uncursed broad axe (11)]
 23001 | Orc:4    | Found Ihois' Weapon Shop.
 23001 | Orc:4    | Found Smevaa's Book Boutique.
 23005 | Orc:4    | HP: 22/130 [orc warrior/bolt (1)]
 23014 | Orc:4    | HP: 7/130 [orc warrior/uncursed glaive (13)]
 23014 | Orc:4    | HP: 3/130 [orc knight/glaive (4)]
 23017 | Orc:4    | HP: 1/130 [orc warrior/halberd (3)]
 23021 | Orc:4    | Slain by an orc warrior

Vault maps used:
D:1:      evilmike_arrival_come_back
D:2:      kennysheep_big_flooded_room, hangedman_decor_push, minmay_bisected
D:3:      overflow_temple_1_default, hex_large
D:4:      xom_teletrap_fun, nicolae_ossuary_entry_monument
D:5:      kennysheep_mini, minmay_temple_entry_steel_oval, first_bread,
          st_stairs_10, uniq_prince_ribbit1, uniq_iyjb, uniq_eustachio
D:6:      uniq_crazy_yiuf_cottage, uniq_sigmund, uniq_pikel
D:7:      serial_shops, kennysheep_mini_moat
D:8:      minmay_lair_entry_lava, blue_anna_alchemist
D:9:      enter_bailey_3
D:11:     orc_0_dummy, enter_trove_5
Lair:1:   kennysheep_rathole, grunt_megastairs_3, uniq_gastronok
Lair:2:   infiniplex_staircase_pool_2
Lair:3:   nicolae_spider_entry_tight_spaces, ice2_lemuel,
          bh_autumn_forest_stairs, serial_bayou_shore_b, lemuel_fruit_tree
Lair:4:   elwin_shoals_entry_stream
Lair:5:   hibernation_bobbens
Lair:6:   grunt_forest_stairs_basic, beast_lair_carwin_5
Lair:7:   cheibrodos_magma_flow, lab_entry_generic, uniq_erica
Lair:8:   hangedman_lair_tendril_chambers, guppyfry_lair_end_dragon,
          dpeg_slime_entry_corner
Orc:1:    serial_shops, nicolae_shop_crystal, basic_altar,
          nicolae_orc_sculptors_studio
Orc:2:    nicolae_orc_damp_corner, uniq_grum
Orc:4:    st_orc_rangers

Action                   |  1- 3 |  4- 6 |  7- 9 | 10-12 | 13-15 || total
-------------------------+-------+-------+-------+-------+-------++-------
Melee: Hand axe          |   127 |   115 |       |       |       ||   242
       War axe           |       |    68 |   331 |   107 |       ||   506
       Battleaxe         |       |       |       |   124 |    55 ||   179
       Executioner's axe |       |       |       |   296 |   515 ||   811
Throw: Tomahawk          |       |    14 |    81 |    53 |    78 ||   226
Invok: Berserk           |     2 |     6 |     8 |    16 |    11 ||    43
       Burn Spellbooks   |       |     1 |     2 |     4 |     3 ||    10
       Brothers in Arms  |       |       |       |     3 |     9 ||    12
 Abil: Fly               |       |       |       |       |     1 ||     1
  Use: Scroll            |     2 |     7 |    11 |    12 |    11 ||    43
       Potion            |       |     3 |     6 |     3 |     4 ||    16
 Stab: Held in net/web   |       |       |       |     1 |       ||     1
  Eat: Chunk             |     2 |     2 |     8 |    30 |    27 ||    69
       Bread ration      |     1 |     1 |       |       |       ||     2
       Meat ration       |       |     1 |     2 |       |       ||     3
       Pizza             |       |       |     2 |       |       ||     2
       Beef jerky        |       |       |     1 |       |       ||     1
       Royal jelly       |       |       |     1 |       |       ||     1
       Fruit             |       |       |       |     9 |    11 ||    20
